 Dungeon Crawl Stone Soup version 0.24-a0-474-g47c397e050 (webtiles) character file.

Game seed: 10022316008220124164

10001 Gargoyl the Envoy of Void (level 11, -7/88 (90) HPs)
             Began as a Centaur Abyssal Knight on July 4, 2019.
             Was a High Priest of Lugonu.
             Mangled by a wolf spider (8 damage)
             ... on level 2 of the Lair of Beasts on July 5, 2019.
             The game lasted 00:14:21 (10149 turns).

Gargoyl the Envoy of Void (Centaur Abyssal Knight) Turns: 10149, Time: 00:14:21

HP:   -7/88 (90)    AC: 13    Str: 23    XL:     11   Next: 30%
MP:   16/16         EV:  4    Int: 11    God:    Lugonu [*****.]
Gold: 560           SH: 16    Dex: 13    Spells: 10/10 levels left

rFire    . . .     SeeInvis .   D - +7 whip of Sin {slash, rN+ Str+6 Dex+3}
rCold    . . .     Gourm    .   A - +2 large shield
rNeg     + . .     Faith    .   f - +1 chain mail
rPois    .         Spirit   .   z - +1 helmet
rElec    .         Reflect  .   (no cloak)
rCorr    +         Harm     .   (no gloves)
MR       .....                  (no barding)
Stlth    ..........             d - amulet of regeneration
HPRegen  0.64/turn              j - ring of flight
MPRegen  0.15/turn              p - ring of resist corrosion

@: lethally poisoned (-7 -> -19), very quick
A: large, hooves 3, deformed body, speed 2, tough skin 3
a: Depart the Abyss, Bend Space, Banish, Corrupt, Enter the Abyss, Renounce
Religion, Evoke Flight


You were on level 2 of the Lair of Beasts.
You worshipped Lugonu.
Lugonu was extremely pleased with you.
You were very hungry.

You visited 2 branches of the dungeon, and saw 12 of its levels.
You visited the Abyss 1 time.

You collected 560 gold pieces.

Inventory:

Hand Weapons
 a - a +2 hand axe
 e - a +2 battleaxe of flaming
 D - the +7 whip of Sin (weapon) {slash, rN+ Str+6 Dex+3}
   (You found it on level 8 of the Dungeon)

   It inflicts extra damage upon your enemies.
   It affects your strength (+6).
   It affects your dexterity (+3).
   It protects you from negative energy.
Missiles
 k - 18 boomerangs (quivered)
Armour
 f - a +1 chain mail (worn)
 z - a +1 helmet (worn)
 A - a +2 large shield (worn)
Jewellery
 d - an amulet of regeneration (around neck)
 j - a ring of flight (left hand)
 p - a ring of resist corrosion (right hand)
Wands
 m - a wand of paralysis (5)
 s - a wand of random effects (20)
 w - a wand of iceblast (10)
 x - a wand of scattershot (4)
 C - a wand of polymorph (9)
Scrolls
 h - 8 scrolls of identify
 q - 4 scrolls of remove curse
 t - 5 scrolls of blinking
 v - a scroll of amnesia
 y - 2 scrolls of magic mapping
 B - 2 scrolls of fog
 E - 2 scrolls of teleportation
Potions
 b - 2 potions of might
 g - a potion of flight {unknown}
 i - 3 potions of curing
 l - 2 potions of ambrosia {unknown}
 n - 2 potions of lignification {unknown}
 o - 3 potions of haste
 r - a potion of heal wounds {unknown}
 u - a potion of resistance
Comestibles
 c - 28 rations


   Skills:
 + Level 6.3 Fighting
 + Level 7.6(8.2) Axes
 + Level 4.5(6.6) Maces & Flails
 + Level 0.5 Throwing
 * Level 7.4 Armour
 * Level 5.1 Dodging
 + Level 2.8 Shields
 * Level 7.7 Invocations


You had 10 spell levels left.
You didn't know any spells.
Your spell library was empty.

Dungeon Overview and Level Annotations

Branches:
Dungeon (10/15)            Temple (0/1) D:5            Lair (2/6) D:10
 Spider (0/4) Lair:2
  Swamp: Lair:2-4    Shoals: Lair:2-4       Orc: D:9-12

Altars:
Dithmenos
Hepliaklqana
Okawaru


Innate Abilities, Weirdness & Mutations

You have hooves in place of feet.
Armour fits poorly on your strangely shaped body.
You cover ground very quickly.
You have extremely tough skin. (AC +3)


Message History

* * * LOW HITPOINT WARNING * * *
You block the wolf spider's attack.
You whack the wolf spider!
The wolf spider is heavily wounded.
The wolf spider barely misses you.
The wolf spider bites you but does no damage.
You whack the wolf spider! You kick the wolf spider!
The wolf spider is severely wounded.
You block the wolf spider's attack. The wolf spider bites you.
* * * LOW HITPOINT WARNING * * *
You hit the wolf spider. You kick the wolf spider!
The wolf spider is almost dead.
The wolf spider hits you!
* * * LOW HITPOINT WARNING * * *
The wolf spider bites you.
* * * LOW HITPOINT WARNING * * *
You are lethally poisoned!
The wolf spider poisons you! You block the wolf spider's attack.
The wolf spider bites you!
You die...

#. .# ..##>#
##. ^^^###
#.##.#^#^#
##.#.#..^#
####..^^.^..###
#.##....^...^..
#.@sF.>........
#######<.......
#........
#.....#..
#........
.....^#.#
.....ยง.##
.........
..........


You could see a wolf spider and a blink frog.

Vanquished Creatures
  A hydra (D:9)
  A two-headed ogre (D:9)
  An unseen horror (D:10)
  Pikel (D:5)
  A troll (D:9)
  2 dream sheep (D:9)
  A wraith (D:10)
  A wyvern (D:8)
  19 yaks
  A hungry ghost (D:10)
  Menkaure (D:5)
  A black bear (D:9)
  A hornet zombie (D:4)
  5 ice beasts
  A necrophage (D:8)
  3 phantoms
  An ogre (D:8)
  A centaur (D:6)
  2 crocodiles (Lair:1)
  8 bullfrogs
  4 big kobolds
  Blork the orc (D:4)
  A scorpion (D:4)
  3 killer bees (D:7)
  An electric eel (D:10)
  3 wights (D:8)
  A crimson imp (D:8)
  2 bullfrog zombies
  2 quasits
  3 centaur zombies
  3 hounds
  4 jellies
  3 orc priests
  A bullfrog skeleton (D:8)
  Jessica (D:2)
  A centaur skeleton (D:5)
  4 orc wizards
  Natasha (twice) (D:2)
  4 iguanas
  6 worker ants
  2 worker ant zombies
  6 adders
  2 shadow imps
  4 oozes
  2 adder skeletons
  3 worms
  4 dart slugs
  7 leopard geckos
  28 orcs
  9 bats
  8 giant cockroaches
  3 goblins
  6 hobgoblins
  6 jackals
  10 kobolds
  6 quokkas
  3 ball pythons
  3 frilled lizards
  A jackal skeleton (D:4)
  A leopard gecko skeleton (D:5)
  8 rats
225 creatures vanquished.

Vanquished Creatures (others)
  A fungus (Lair:1)
  A plant (D:9)
2 creatures vanquished.

Grand Total: 227 creatures vanquished

Notes
Turn   | Place    | Note
-------+----------+-------------------------------------------
     0 | Abyss:1  | Gargoyl the Centaur Abyssal Knight began the quest for the
                  | Orb.
     0 | Abyss:1  | Reached XP level 1. HP: 19/19 MP: 2/2
    42 | Abyss:2  | Noticed a raiju
    61 | Abyss:2  | Noticed a raiju
    89 | Abyss:2  | Noticed a chaos spawn
    94 | Abyss:2  | Noticed a chaos spawn
   106 | Abyss:2  | Noticed a smoke demon
   109 | D:1      | Escaped the Abyss
   292 | D:1      | Reached XP level 2. HP: 26/26 MP: 3/3
   295 | D:1      | Reached * piety under Lugonu
   598 | D:1      | Reached skill level 1 in Dodging
   857 | D:2      | Noticed Natasha
   861 | D:2      | Reached XP level 3. HP: 31/31 MP: 4/4
   868 | D:2      | Killed Natasha
   888 | D:2      | Noticed Natasha
   896 | D:2      | Killed Natasha
   896 | D:2      | Reached XP level 4. HP: 27/40 MP: 5/5
  1107 | D:2      | Noticed Jessica
  1120 | D:2      | Killed Jessica
  1363 | D:2      | Reached XP level 5. HP: 38/46 MP: 7/7
  1377 | D:2      | Reached ** piety under Lugonu
  2016 | D:3      | Found a shadowy altar of Dithmenos.
  2767 | D:4      | Noticed Blork the orc
  2774 | D:4      | Killed Blork the orc
  2800 | D:4      | Reached XP level 6. HP: 46/52 MP: 8/8
  3064 | D:4      | Reached XP level 7. HP: 53/59 MP: 9/9
  3249 | D:4      | Found a hazy altar of Hepliaklqana.
  3254 | D:4      | Reached *** piety under Lugonu
  3631 | D:5      | Entered Level 5 of the Dungeon
  3632 | D:5      | Upgraded the game from 0.24-a0-464-g6b2be6b8c7 to
                  | 0.24-a0-474-g47c397e050
  3635 | D:5      | Noticed Pikel
  3657 | D:5      | Killed Pikel
  3657 | D:5      | Reached skill level 5 in Axes
  3657 | D:5      | Reached XP level 8. HP: 31/67 MP: 11/11
  3744 | D:5      | Noticed Menkaure
  3749 | D:5      | Killed Menkaure
  3977 | D:5      | Reached skill level 5 in Invocations
  4274 | D:5      | Found a staircase to the Ecumenical Temple.
  4976 | D:6      | Reached skill level 5 in Fighting
  5653 | D:7      | Reached skill level 5 in Armour
  5653 | D:7      | Reached XP level 9. HP: 68/74 MP: 13/13
  5722 | D:7      | You fall into a shaft and drop 2 floors!
  6411 | D:7      | Reached **** piety under Lugonu
  7395 | D:8      | Got a crystal whip
  7396 | D:8      | Identified the +7 whip of Sin {slash, rN+ Str+6 Dex+3} (You
                  | found it on level 8 of the Dungeon)
  7829 | D:9      | Reached XP level 10. HP: 81/81 MP: 14/14
  8004 | D:9      | Reached skill level 1 in Maces & Flails
  8017 | D:9      | HP: 4/81 [yak (9)]
  8172 | D:9      | Noticed a two-headed hydra
  8181 | D:9      | Killed a two-headed hydra
  8181 | D:9      | Reached skill level 1 in Shields
  8253 | D:9      | Noticed a two-headed ogre
  8264 | D:9      | Killed a two-headed ogre
  8559 | D:9      | Reached XP level 11. HP: 78/87 MP: 16/16
  8857 | D:10     | Entered Level 10 of the Dungeon
  8964 | D:10     | Found an iron altar of Okawaru.
  9117 | D:10     | Found a staircase to the Lair.
  9186 | D:10     | Killed an unseen horror
  9186 | D:10     | Reached skill level 5 in Dodging
  9322 | D:10     | Reached ***** piety under Lugonu
  9915 | Lair:1   | Entered Level 1 of the Lair of Beasts
 10136 | Lair:2   | Found a hole to the Spider Nest.
 10136 | Lair:2   | Noticed a wolf spider
 10149 | Lair:2   | HP: 1/88 [wolf spider (4)]
 10149 | Lair:2   | Mangled by a wolf spider

Levels and vault maps discovered:
D:1:      lightli_arrival_statuegarden, layout_basic, minivault_11,
          chequers_serial_rivers_micro_e, minmay_pentomino_u4
D:2:      layout_basic, uniq_natasha, uniq_jessica
D:3:      layout_basic, grunt_dithmenos_smoke_and_mirrors
D:4:      layout_loops_ring, lemuel_round_altar, uniq_blork_the_orc
D:5:      layout_layer_cave, minmay_temple_entry_arrows, first_ration,
          uniq_menkaure, uniq_pikel
D:6:      layout_rooms, kennysheep_diamond, kennysheep_path_1
D:7:      layout_loops_corners
D:8:      layout_basic
D:9:      layout_roguey, hangedman_ranch [blue_anna_fruit_fields]
D:10:     layout_basic, lair_entry_dummy, lemuel_altar_in_water
Lair:1:   layout_regular_city, infiniplex_staircase_pool_2
Lair:2:   layout_layer_cave, elwin_shoals_entry_stream,
          spider_nest_entry_rubble, minmay_shattered_shrine

Skill      XL: |  1  2  3  4  5  6  7  8  9 10 11 |
---------------+----------------------------------+-----
Dodging        | 1 2 3 4 5 |  5.1
Axes           | 2 3 4 5 6 7 |  7.6
Armour         | 2 3 5 6 7 |  7.4
Invocations    | 3 4 5 6 7 |  7.7
Fighting       | 4 5 6 |  6.3
Maces & Flails | 3 4 |  4.5
Shields        | 2 |  2.8
Throwing       | |  0.5

Action                   |  1- 3 |  4- 6 |  7- 9 | 10-12 || total
-------------------------+-------+-------+-------+-------++-------
Melee: Hand axe          |    73 |   139 |    11 |       ||   223
       Kick              |    12 |    32 |    77 |   103 ||   224
       Battleaxe         |       |    30 |   302 |       ||   332
       Whip              |       |       |    10 |   269 ||   279
Throw: Boomerang         |       |       |     2 |     3 ||     5
Invok: Depart the Abyss  |     1 |       |       |       ||     1
       Bend Space        |       |       |     1 |     1 ||     2
Evoke: Wand              |       |     2 |       |       ||     2
  Use: Scroll            |     1 |     5 |     5 |     4 ||    15
       Potion            |       |     3 |     2 |     1 ||     6
  Eat: Chunk             |       |     5 |    10 |     4 ||    19
       Ration            |       |       |     1 |     1 ||     2
Armor: Leather armour    |    37 |    10 |       |       ||    47
       Chain mail        |       |   115 |   266 |   105 ||   486
Dodge: Dodged            |    42 |    49 |   142 |    22 ||   255
Block: Large shield      |       |       |     9 |   192 ||   201

Table legend:
 A = Non-vault XP
 B = Vault XP
 C = Vault XP percentage of total XP
 D = Non-vault monster count
 E = Vault monster count
 F = Vault count percentage of total count
                 A         B        C        D         E       F
            +---------+---------+-------+---------+---------+-------
      Total |   10994 |    3294 |  23.1 |     205 |      20 |   8.9
            +---------+---------+-------+---------+---------+-------
        D:1 |      35 |       5 |  12.5 |      15 |       3 |  16.7
        D:2 |      96 |      72 |  42.9 |      23 |       2 |   8.0
        D:3 |      67 |       0 |   0.0 |      25 |       0 |   0.0
        D:4 |     528 |      90 |  14.6 |      21 |       1 |   4.5
        D:5 |     318 |     857 |  72.9 |      14 |       2 |  12.5
        D:6 |     619 |     101 |  14.0 |      13 |       4 |  23.5
        D:7 |    1068 |       0 |   0.0 |      24 |       0 |   0.0
        D:8 |     897 |       0 |   0.0 |      14 |       0 |   0.0
        D:9 |    5079 |    2169 |  29.9 |      31 |       8 |  20.5
       D:10 |    1667 |       0 |   0.0 |      21 |       0 |   0.0
     Lair:1 |     620 |       0 |   0.0 |       4 |       0 |   0.0
            +---------+---------+-------+---------+---------+-------
